Map: [ESL] Royal Blood

Players

RagnaroK (SHIN) - Winner!

  • Race: Zerg Zerg

Serral

  • Race: Zerg Zerg

Event: IEM Katowice 2023

VOD

Have the link to the VOD?

Description

Time

  • Played on: Feb. 12, 2023, 6:42 a.m.
  • Length: 13:31

All games in this series

Show
View Real Time Build Order
Export as new Build Order

RagnaroK Zerg - Winner!

Build Orders: Hatch First 

Get SALT Encoding   

  12  0:00  Drone  
  13  0:12  Overlord  
  13  0:16  Drone  
  14  0:30  Drone x2  
  16  0:47  Hatchery  
  15  0:51  Drone  
  15  0:54  Drone  
  17  0:58  Drone  
  18  1:08  Extractor  
  17  1:13  Spawning Pool  
  17  1:16  Drone  
  17  1:19  Drone  
  18  1:28  Drone  
  19  1:39  Drone  
  20  1:49  Drone  
  21  1:59  Queen x2  
  21  2:00  Drone x2  
  27  2:10  Overlord  
  27  2:12  Metabolic Boost, Zergling x2  
  28  2:29  Drone, Hatchery  
  28  2:30  Drone  
  28  2:33  Drone  
  28  2:35  Drone  
  31  2:42  Queen  
  33  2:46  Drone  
  34  2:51  Baneling Nest  
  34  2:55  Overlord  
  33  3:00  Drone  
  33  3:02  Zergling x2  
  33  3:04  Zergling x2  
  36  3:12  Overlord  
  36  3:14  Zergling x2  
  36  3:15  Zergling x4  
  36  3:16  Drone  
  36  3:19  Drone  
  41  3:22  Drone  
  41  3:25  Evolution Chamber  
  41  3:26  Drone  
  42  3:27  Drone  
  43  3:35  Baneling  
  43  3:37  Overlord, Drone  
  43  3:41  Drone x3  
  43  3:44  Drone  
  47  3:49  Zergling x4  
  47  3:52  Drone x2  
  47  3:55  Drone, Zergling x2  
  53  4:01  Zerg Missile Weapons Level 1  
  52  4:03  Drone x2  
  52  4:07  Roach Warren  
  53  4:15  Drone x5  
  58  4:21  Extractor, Lair  
  58  4:23  Overlord  
  57  4:25  Drone  
  57  4:29  Overlord  
  58  4:33  Drone x3  
  58  4:34  Drone  
  58  4:36  Drone x2  
  58  4:38  Drone  
  65  4:42  Overlord  
  65  4:43  Extractor  
  65  4:44  Extractor  
  63  4:46  Drone x3  
  66  4:53  Roach x3  
  66  4:59  Drone x5  
  76  5:01  Drone  
  76  5:06  Drone x4  
  81  5:08  Overlord  
  81  5:13  Extractor  
  80  5:15  Extractor, Drone x2  
  80  5:16  Overlord  
  80  5:19  Spire  
  80  5:22  Glial Reconstitution  
  80  5:24  Roach  
  80  5:26  Roach  
  84  5:28  Overlord  
  84  5:30  Roach  
  84  5:33  Roach x2  
  84  5:35  Roach  
  92  5:38  Overlord, Roach  
  92  5:41  Roach  
  92  5:42  Roach  
  98  5:44  Roach  
  98  5:47  Roach  
  98  5:49  Roach x2  
  105  5:51  Roach  
  105  5:54  Overlord  
  105  5:57  Roach x2  
  111  5:59  Overlord  
  111  6:02  Spine Crawler  
  111  6:04  Roach  
  112  6:06  Roach  
  112  6:09  Roach x3  
  121  6:12  Roach, Spine Crawler  
  121  6:13  Roach  
  121  6:16  Roach  
  121  6:17  Roach  
  124  6:19  Roach  
  124  6:23  Roach  
  124  6:24  Roach  
  124  6:25  Roach  
  131  6:27  Roach  
  131  6:30  Roach x2  
  119  6:34  Roach  
  119  6:36  Roach  
  119  6:38  Roach  
  106  6:40  Roach  
  106  6:45  Roach  
  106  6:46  Roach  
  104  6:49  Roach  
  104  6:51  Roach  
  104  6:53  Roach  
  104  6:59  Roach  
  106  7:02  Overseer  
  106  7:06  Spire  
  106  7:07  Roach  
  107  7:11  Queen  
  107  7:14  Roach  
  111  7:16  Roach  
  111  7:18  Roach  
  111  7:21  Roach  
  117  7:23  Roach  
  117  7:26  Roach x3  
  117  7:28  Roach  
  127  7:30  Roach  
  127  7:33  Roach  
  127  7:35  Roach  
  133  7:37  Roach  
  133  7:39  Roach  
  137  7:48  Roach  
  137  7:51  Roach x2  
  137  7:57  Drone x3  
  118  8:06  Overlord  
  118  8:07  Queen  
  118  8:08  Overlord  
  120  8:18  Mutalisk x5  
  130  8:20  Overlord  
  130  8:21  Zerg Missile Weapons Level 2  
  130  8:26  Mutalisk  
  130  8:31  Mutalisk x2  
  137  8:34  Drone x2  
  137  8:38  Overlord  
  138  8:41  Drone  
  138  8:42  Drone x2  
  138  8:46  Drone x2  
  143  8:49  Drone x2  
  145  8:57  Roach x3  
  153  9:02  Roach  
  153  9:15  Overlord  
  153  9:19  Overlord  
  153  9:22  Roach x3  
  153  9:23  Overlord, Roach  
  153  9:26  Roach x5  
  153  9:28  Roach  
  153  9:31  Roach  
  145  9:33  Roach  
  145  9:35  Roach  
  145  9:36  Queen  
  133  9:42  Queen  
  133  9:43  Roach  
  133  9:45  Roach x2  
  112  9:54  Roach x2  
  112  9:56  Roach  
  107  10:05  Roach x2  
  109  10:09  Roach  
  109  10:12  Queen  
  113  10:14  Roach  
  113  10:16  Roach  
  113  10:19  Roach  
  113  10:20  Ravager  
  113  10:21  Ravager x7  
  127  10:22  Hatchery  
  127  10:25  Roach  
  127  10:27  Roach  
  132  10:28  Roach  
  132  10:35  Roach  
  134  10:37  Roach  
  134  10:39  Roach  
  134  10:41  Zerg Ground Armor Level 1  
  138  10:44  Roach x2  
  138  10:45  Roach  
  138  10:48  Roach  
  146  10:52  Overlord  
  146  10:53  Roach  
  146  10:54  Roach x2  
  152  10:58  Roach  
  152  11:00  Overlord  
  152  11:03  Roach  
  156  11:07  Roach  
  156  11:11  Roach  
  160  11:13  Roach  
  160  11:18  Overlord  
  162  11:21  Roach  
  162  11:22  Roach x5  
  162  11:23  Roach  
  162  11:24  Roach  
  178  11:28  Roach x2  
  178  11:29  Ravager x2  
  184  11:34  Roach x2  
  184  11:36  Roach  
  184  11:38  Roach  
  192  11:43  Roach x2  
  192  11:46  Roach x2  
  192  12:03  Roach x6  
  192  12:05  Roach  
  192  12:06  Roach x3  
  192  12:07  Roach  
  171  12:11  Roach x2  
  171  12:13  Roach  
  164  12:16  Roach x2  
  164  12:19  Roach  
  163  12:25  Roach x3  
  163  12:28  Ravager  
  163  12:29  Roach x2  
  172  12:31  Ravager x2  
  172  12:33  Roach  
  178  12:37  Roach x2  
  178  12:40  Overlord  
  178  12:42  Roach  
  178  12:43  Roach  
  184  12:49  Roach x2  
  184  12:53  Roach x3  
  184  12:55  Ravager  
  184  12:56  Roach  
  189  13:00  Roach x2  
  189  13:02  Roach  
  189  13:03  Roach  
  189  13:05  Roach  
Show
View Real Time Build Order
Export as new Build Order

Serral Zerg 

Build Orders: Hatch First 

Get SALT Encoding   

  12  0:00  Drone  
  13  0:11  Overlord  
  13  0:16  Drone  
  14  0:30  Drone x2  
  16  0:46  Hatchery  
  15  0:50  Drone  
  15  0:53  Drone  
  17  1:07  Spawning Pool  
  17  1:09  Extractor  
  15  1:12  Drone  
  15  1:15  Drone  
  17  1:19  Drone  
  18  1:27  Drone  
  19  1:38  Drone  
  20  1:55  Queen  
  20  1:57  Overlord  
  20  1:58  Queen  
  20  1:59  Drone  
  20  2:00  Zergling x2  
  26  2:09  Metabolic Boost, Drone  
  26  2:10  Drone  
  28  2:22  Drone  
  29  2:23  Drone  
  30  2:33  Hatchery  
  30  2:36  Zergling x2  
  30  2:38  Drone  
  30  2:42  Drone  
  32  2:46  Baneling Nest  
  32  2:49  Overlord  
  31  2:53  Zergling x2  
  32  3:01  Drone  
  34  3:05  Drone x3  
  34  3:08  Drone  
  34  3:09  Drone  
  34  3:10  Overlord  
  38  3:13  Zergling x2  
  38  3:15  Zergling x2  
  38  3:18  Zergling x2  
  41  3:22  Drone  
  41  3:25  Queen  
  44  3:29  Baneling x2  
  44  3:32  Drone  
  45  3:35  Drone  
  45  3:37  Evolution Chamber  
  45  3:38  Drone x2  
  45  3:40  Drone  
  48  3:45  Zergling x2  
  48  3:46  Drone x2  
  51  3:49  Extractor  
  51  3:53  Roach Warren  
  50  3:55  Drone x2  
  50  4:01  Overlord  
  51  4:03  Extractor  
  51  4:07  Zerg Ground Armor Level 1  
  51  4:08  Drone  
  51  4:10  Drone x2  
  51  4:15  Overlord  
  51  4:16  Drone  
  54  4:17  Drone  
  54  4:22  Drone  
  54  4:23  Drone x2  
  57  4:29  Drone  
  57  4:31  Baneling  
  58  4:37  Drone x2  
  60  4:39  Roach  
  60  4:40  Roach x3  
  60  4:43  Overlord  
  60  4:44  Overlord  
  68  4:48  Zergling x2  
  68  4:52  Zergling x2  
  69  4:54  Roach x2  
  73  5:03  Roach x4  
  81  5:11  Overlord  
  81  5:12  Overlord  
  81  5:13  Roach x3  
  87  5:16  Extractor x2  
  85  5:25  Roach x2  
  88  5:31  Roach x5  
  88  5:34  Overlord  
  98  5:46  Roach x4  
  105  5:55  Overlord  
  105  5:56  Zergling x12  
  111  6:00  Zergling x4  
  111  6:01  Zergling x2  
  111  6:03  Overlord  
  114  6:09  Baneling x5  
  114  6:10  Baneling x2  
  114  6:15  Zergling x6  
  114  6:17  Zergling x2  
  114  6:18  Zergling x2  
  119  6:24  Zergling x2  
  119  6:25  Zergling x6  
  121  6:29  Zergling x12  
  121  6:31  Zergling x4  
  112  6:38  Lair  
  112  6:39  Zerg Missile Weapons Level 1, Zergling x2  
  99  6:43  Zergling x4  
  82  6:54  Roach x6  
  92  7:03  Drone x3  
  92  7:04  Drone x3  
  98  7:08  Roach  
  98  7:12  Roach x2  
  104  7:20  Roach  
  106  7:25  Roach x4  
  114  7:32  Roach x6  
  114  7:35  Overlord  
  126  7:37  Ravager  
  126  7:38  Ravager  
  126  7:40  Roach  
  130  7:45  Overlord  
  130  7:49  Roach x2  
  126  7:54  Roach x4  
  126  7:57  Glial Reconstitution  
  124  8:02  Zergling x8  
  127  8:09  Zergling x2  
  127  8:10  Zergling x8  
  127  8:11  Ravager  
  133  8:13  Ravager  
  133  8:14  Ravager  
  133  8:19  Overlord  
  135  8:21  Zergling x6  
  135  8:26  Overseer  
  139  8:27  Zergling x4  
  139  8:32  Zergling x2  
  141  8:35  Overlord  
  141  8:37  Roach  
  143  8:42  Ravager  
  143  8:43  Roach x5  
  143  8:47  Overlord x2  
  154  8:54  Roach  
  154  8:55  Roach x2  
  160  9:02  Overlord  
  160  9:03  Overlord x2  
  160  9:06  Roach  
  160  9:09  Roach x2  
  166  9:13  Hydralisk Den  
  162  9:23  Roach x3, Zergling x6  
  159  9:27  Roach, Zergling x2  
  145  9:31  Roach  
  145  9:32  Roach  
  145  9:37  Roach x3  
  131  9:45  Hydralisk x2, Grooved Spines  
  121  9:51  Hydralisk  
  109  9:54  Hydralisk x2  
  109  9:57  Hydralisk  
  101  10:00  Zergling x2  
  101  10:02  Hydralisk  
  101  10:06  Spore Crawler  
  101  10:07  Hydralisk  
  97  10:09  Hydralisk  
  97  10:15  Hydralisk  
  93  10:22  Hydralisk  
  93  10:23  Roach x3  
  101  10:30  Roach  
  101  10:31  Roach x3  
  101  10:35  Roach x2  
  113  10:39  Baneling x2  
  113  10:42  Roach x2  
  119  10:43  Roach  
  119  10:52  Roach x3  
  119  10:56  Muscular Augments  
  125  10:58  Roach x3  
  125  10:59  Roach  
  125  11:00  Overseer  
  133  11:06  Roach  
  133  11:07  Roach x2  
  139  11:12  Roach x3  
  139  11:16  Overlord  
  145  11:21  Overlord  
  145  11:22  Roach x2  
  149  11:29  Roach x4  
  157  11:36  Roach x3  
  162  11:40  Roach x2  
  162  11:45  Roach x2  
  162  11:46  Roach  
  172  11:53  Overlord  
  172  11:56  Roach  
  172  11:57  Roach x2  
  172  12:00  Roach  
  172  12:01  Roach  
  173  12:05  Roach x2  
  149  12:09  Roach x2  
  149  12:14  Roach x2  
  155  12:21  Ravager  
  155  12:22  Ravager  
  157  12:25  Roach x3  
  163  12:30  Roach x3  
  169  12:37  Roach x3  
  169  12:41  Roach x2  
  179  12:49  Roach x4  
  175  12:52  Roach  
  175  12:55  Overlord  
  175  12:57  Roach  
  179  13:01  Overlord  
  179  13:04  Roach x3  

Tags
 
Add a new tag
Caveats
  • Supply blocks, unpowered buildings, or Contaminate may cause inaccurate times.
  • Supply counts are checked every 10 seconds.